 Dungeon Crawl Stone Soup version 0.21.1-1-g345015f (webtiles) character file.

69 letownia2 the Poker (level 4, 0/33 HPs)
             Began as a Merfolk Skald on Mar 12, 2018.
             Slain by Terence
             ... wielding a +1 trident of distortion
              (16 damage)
             ... on level 3 of the Dungeon.
             The game lasted 00:03:32 (800 turns).

letownia2 the Poker (Merfolk Skald)                  Turns: 800, Time: 00:03:32

Health: 0/33       AC:  3    Str: 11    XL:     4   Next: 20%
Magic:  7/7        EV: 12    Int: 13    God:
Gold:   109        SH:  0    Dex: 13    Spells: 1/7 levels left

rFire    . . .     SeeInvis .   a - +0 spear
rCold    . . .     Gourm    .   (no shield)
rNeg     . . .     Faith    .   b - +0 leather armour
rPois    .         Spirit   .   (no helmet)
rElec    .         Reflect  .   (no cloak)
rCorr    .         Harm     .   (no gloves)
MR       +....                  (no boots)
Stlth    +.........             (no amulet)
HPRegen  0.11/turn              g - ring of protection from magic
MPRegen  0.10/turn              (no ring)

@: no status effects
A: change form in water, swift swim, stealthy swim
a: no special abilities


You were on level 3 of the Dungeon.
You were not hungry.

You visited 1 branch of the dungeon, and saw 3 of its levels.

You collected 109 gold pieces.

Inventory:

Hand Weapons
 a - a +0 spear (weapon)
Armour
 b - a +0 leather armour (worn)
 h - a +0 ring mail
 i - a +0 pair of gloves
Jewellery
 g - a ring of protection from magic (left hand)
Scrolls
 e - 3 scrolls of enchant armour {unknown}
 f - 3 scrolls of identify {unknown}
 j - a scroll of teleportation {unknown}
Potions
 k - 2 potions of might {unknown}
Books
 c - a book of Battle

   Spells                             Type                      Level
   a - Infusion                       Charms                       1
   b - Shroud of Golubria             Charms/Translocation         2
   c - Song of Slaying                Charms                       2
   d - Spectral Weapon                Hexes/Charms                 3
   e - Regeneration                   Charms/Necromancy            3
Comestibles
 d - 3 rations
 l - 2 chunks of flesh


   Skills:
 - Level 2.1 Fighting
 - Level 4.1 Polearms
 - Level 0.6 Armour
 - Level 2.6 Dodging
 - Level 2.0 Spellcasting
 + Level 2.4 Hexes
 - Level 3.2 Charms
 - Level 1.3 Translocations


You had one spell level left.
You knew the following spells:

 Your Spells              Type           Power        Failure   Level  Hunger
a - Infusion              Chrm           #...         9%          1    ##.....
t - Shroud of Golubria    Chrm/Tloc      #.........   21%         2    ###....
x - Spectral Weapon       Hex/Chrm       #.......     30%         3    ####...


Dungeon Overview and Level Annotations

Branches:
Dungeon (3/15)

Altars:

Annotations:
D:3 Terence


Message History

You open the door.
A frilled lizard comes into view.
The frilled lizard hisses angrily.
You hit the frilled lizard.
You kill the frilled lizard!
There is an open door here.
You see here a frilled lizard corpse.
Your shroud unravels.
Things that are here:
a club; a goblin skeleton
Found a stone staircase leading down.
There is a stone staircase leading down here.
You open the door.
There is a stone staircase leading down here.
You climb downwards.
Terence the Incautious comes into view.
He is wielding a trident of distortion.
Terence shouts!
Terence hits you from afar with a trident of distortion.
Space warps horribly around you!
You die...

### #.. #.#
#.#####@#
#.......#
.......@#
...........#
#########.##
... ###


You could see Terence.

Vanquished Creatures
  A gnoll (D:2)
  2 adders
  3 dart slugs (D:1)
  A leopard gecko (D:1)
  An orc (D:3)
  2 giant cockroaches
  3 goblins
  7 hobgoblins
  2 jackals (D:3)
  2 kobolds
  4 bats
  4 frilled lizards
  A rat (D:1)
33 creatures vanquished.

Notes
Turn   | Place    | Note
-------+----------+-------------------------------------------
     0 | D:1      | letownia2 the Merfolk Skald began the quest for the Orb.
     0 | D:1      | Reached XP level 1. HP: 16/16 MP: 3/3
   190 | D:1      | Reached skill level 4 in Polearms
   190 | D:1      | Reached XP level 2. HP: 22/22 MP: 5/5
   256 | D:1      | Learned a level 2 spell: Shroud of Golubria
   350 | D:1      | Reached skill level 1 in Translocations
   434 | D:1      | Reached XP level 3. HP: 23/27 MP: 6/6
   448 | D:1      | Learned a level 3 spell: Spectral Weapon
   500 | D:2      | Reached skill level 1 in Hexes
   661 | D:3      | Reached XP level 4. HP: 26/33 MP: 0/7
   800 | D:3      | Noticed Terence
   800 | D:3      | Slain by Terence

Skill      XL: |  1  2  3 |
---------------+----------+-----
Polearms       | 4 |  4.1
Translocations | 1 |  1.3
Hexes          | 2 |  2.4
Fighting       | |  2.1
Armour         | |  0.6
Dodging        | |  2.6
Spellcasting   | |  2.0
Charms         | |  3.2

Action                   |  1- 3 |  4- 6 || total
-------------------------+-------+-------++-------
Melee: Spear             |    95 |    14 ||   109
 Cast: Infusion          |     4 |       ||     4
       Shroud of Golubri |     2 |     2 ||     4
 Stab: Sleeping          |     2 |       ||     2
Armor: Leather armour    |    15 |     1 ||    16
Dodge: Dodged            |    44 |     5 ||    49
